 Dungeon Crawl Stone Soup version 0.31-a0-986-g5e6e4ef867 (webtiles) character file.

Game seed: 16934531040506104229

2458 lunkers the Basher (level 10, -3/83 HPs)
             Began as a Meteoran Fighter on Nov 10, 2023.
             Was a Follower of Ru.
             Slain by a centaur (5 damage)
             ... on level 7 of the Dungeon.
             The game lasted 00:06:15 (3641 turns).

lunkers the Basher (Meteoran Fighter)               Turns: 3641, Time: 00:06:16

Health: -3/83      AC: 15    Str: 18    XL:     10   Next: 6%
Magic:  11/11      EV: 12    Int:  9    God:    Ru [*.....]
Gold:   358        SH:  5    Dex: 19    Spells: 9/9 levels left

rFire   . . .        a - +0 flail
rCold   . . .        c - +0 buckler
rNeg    + . .        d - +2 scale mail {rN+}
rPois   .            m - +0 helmet
rElec   .            (no cloak)
rCorr   .            h - +2 pair of gloves
SInv    .            t - +1 pair of boots
Will    +....        (no amulet) Stlth
                     (no ring)
HPRegen 0.33/turn    (no ring)
MPRegen 0.12/turn

%: no passive effects
@: glowing
A: sense surroundings 2, unskilled 1, otherworldly, glowing, explore regen
a: Renounce Religion


You were on level 7 of the Dungeon.
You worshipped Ru.
Ru was aware of your devotion.
You visited 2 branches of the dungeon, and saw 9 of its levels.

You collected 358 gold pieces.

Inventory:

Hand Weapons
 a - a +0 flail (weapon)
Missiles
 w - a throwing net
Armour
 c - a +0 buckler (worn)
 d - a +2 scale mail of positive energy (worn)
 h - a +2 pair of gloves (worn)
 m - a +0 helmet (worn)
 t - a +1 pair of boots (worn)
 v - a +0 troll leather armour
Jewellery
 o - a +6 ring of intelligence
Wands
 y - a wand of mindburst (13)
 B - a wand of flame (16)
Scrolls
 b - a scroll of fear
 e - 2 scrolls of noise {unknown}
 f - 2 scrolls of immolation {unknown}
 i - a scroll of teleportation {unknown}
 j - 3 scrolls of identify
 k - a scroll of poison {unknown}
 q - a scroll of blinking {unknown}
 r - a scroll of torment {unknown}
 s - 2 scrolls of vulnerability {unknown}
 x - 2 scrolls of butterflies {unknown}
 z - a scroll of amnesia {unknown}
 A - a scroll of enchant weapon {unknown}
Potions
 g - 4 potions of magic
 l - a potion of haste {unknown}
 n - 2 potions of might
 p - 5 potions of curing {unknown}
 u - a potion of heal wounds {unknown}


   Skills:
 + Level 5.8 Fighting
 * Level 12.5 Maces & Flails
 - Level 3.0 Armour
 + Level 4.7 Dodging
 - Level 3.0 Shields


You had 9 spell levels left.
You didn't know any spells.
Your spell library contained the following spells:

 Spells                   Type           Power      Damage    Failure   Level
 Tukima's Dance           Hex            0%         N/A       99%         3
 Dimensional Bullseye     Hex/Tloc       0%         N/A       100%        4
 Iskenderun's Mystic Bla  Conj/Tloc      0%         2d3       100%        4


Dungeon Overview and Level Annotations

Branches:
Dungeon (8/15) Zot: 1178   Temple (1/1) D:5 Zot: 583
   Lair: D:8-11

Altars:
Cheibriados
Dithmenos
Elyvilon
Gozag
Hepliaklqana
Kikubaaqudgha
Makhleb
Qazlal
Ru
Sif Muna
Uskayaw
Wu Jian
Xom
Yredelemnul
Zin

Shops:
D:4 =


Innate Abilities, Weirdness & Mutations

You passively map the area around you.
You are somewhat unskilled. (-1 Apt)
You are easily found by Zot.
You glow in the dark.
You regain HP and MP as you explore.


Message History

Unknown command.
Unknown command.
You hit the centaur but do no damage.
The centaur is moderately wounded.
The centaur shoots an arrow.
The arrow closely misses you.
The arrow hits the centaur!
The centaur dies!
You block the centaur's attack. The centaur closely misses you.
You block the centaur's attack. The centaur closely misses you.
The centaur barely misses you. x2
Unknown command.
Unknown command.
You sock the centaur!
The centaur is almost dead.
The centaur hits you but does no damage.
The centaur kicks you but does no damage.
The centaur barely misses you. x2
The centaur hits you but does no damage.
The centaur closely misses you.
The centaur shoots an arrow.
The arrow hits you!
* * * LOW HITPOINT WARNING * * *
You hit the centaur.
The centaur is almost dead.
The centaur hits you but does no damage.
The centaur kicks you but does no damage.
The centaur hits you but does no damage.
The centaur kicks you but does no damage.
The centaur barely misses you.
The centaur kicks you but does no damage.
The centaur shoots an arrow.
The arrow barely misses you.
Unknown command.
You hit the centaur.
You kill the centaur!
You block the centaur's attack. x2
The centaur is stunned by your conviction and fails to attack.
You redirect the centaur's attack!
The centaur shoots an arrow.
The arrow hits you.
* * * LOW HITPOINT WARNING * * *
The centaur hits you.
You die...

#..............≈≈≈≈≈≈ ,
##
###..>.##.#.≈≈≈≈≈≈≈≈≈≈≈
,, ..
##.#.#...≈≈≈≈≈≈..≈≈≈≈≈
, .#
#.#.#..≈≈≈≈.####.≈≈≈≈
.. #.#.#.≈≈≈≈.## *.≈≈≈≈
.. #.#.#.≈≈≈..## ≈≈≈ ~~
≈# #.#.#.≈≈≈...## ,
#<...≈≈≈≈))c.# * , ~ ~~
###.#≈≈≈≈≈@c.# , ~ ~
#.#≈≈≈≈≈).......~ ~ ~~
#..≈≈≈≈≈≈......≈~ ~ ~~~
###≈≈≈≈≈≈≈≈..≈≈≈ ~~ ~ ~
#.≈≈≈≈≈≈≈≈≈≈≈≈ ~ ~
#..c#≈≈≈≈≈≈≈≈≈ ~
#>......≈≈≈≈≈≈
##..#####.#≈≈≈ , *,.# *


You could see 3 centaurs.

Vanquished Creatures
  A troll (D:5)
  2 steam dragons
  2 ice beasts
  2 black bears (D:6)
  2 ogres
  2 sky beasts
  6 centaurs
  2 phantoms (D:4)
  A water moccasin zombie (D:4)
  3 scorpions
  A howler monkey (D:6)
  2 jellies
  A centaur skeleton (D:4)
  A hound (D:4)
  Terence (D:2)
  A sleepcap (D:6)
  2 iguanas
  3 orc wizards
  A hound zombie (D:4)
  A hound skeleton (D:4)
  Robin (D:3)
  3 gnolls (D:5)
  2 adders
  A shadow imp (D:7)
  A white imp (D:6)
  5 adder zombies (D:4)
  An adder skeleton (D:4)
  4 worms (D:3)
  A dart slug (D:3)
  15 orcs
  9 ball pythons
  5 endoplasms
  3 giant cockroaches
  9 hobgoblins
  4 quokkas
  5 bats
  A frilled lizard (D:1)
  13 goblins
  3 kobolds
  4 rats
127 creatures vanquished.

Vanquished Creatures (others)
  A centaur (D:7)
  An orc (D:7)
2 creatures vanquished.

Grand Total: 129 creatures vanquished

Notes
Turn   | Place    | Note
-------+----------+-------------------------------------------
     0 | D:1      | lunkers the Meteoran Fighter began the quest for the Orb.
     0 | D:1      | Reached XP level 1. HP: 19/19 MP: 2/2
    74 | D:1      | Reached skill level 3 in Maces & Flails
   103 | D:1      | Reached XP level 2. HP: 26/26 MP: 3/3
   202 | D:1      | Reached skill level 4 in Maces & Flails
   456 | D:2      | Reached XP level 3. HP: 22/31 MP: 4/4
   611 | D:2      | Noticed Terence
   625 | D:2      | Killed Terence
   626 | D:2      | Reached skill level 5 in Maces & Flails
   626 | D:2      | Reached XP level 4. HP: 32/38 MP: 5/5
   875 | D:3      | Noticed a scorpion
   885 | D:3      | Killed a scorpion
   886 | D:3      | Reached skill level 6 in Maces & Flails
   886 | D:3      | Reached XP level 5. HP: 45/45 MP: 6/6
   902 | D:3      | Noticed Robin
   926 | D:3      | Killed Robin
  1035 | D:3      | Reached skill level 7 in Maces & Flails
  1261 | D:3      | Reached XP level 6. HP: 51/51 MP: 7/7
  1583 | D:4      | Reached skill level 8 in Maces & Flails
  1645 | D:4      | Reached XP level 7. HP: 56/57 MP: 8/8
  1651 | D:4      | Reached skill level 9 in Maces & Flails
  1746 | D:4      | Found Hamexophaufi's Jewellery Emporium.
  1766 | D:4      | Reached skill level 10 in Maces & Flails
  1831 | D:4      | Reached XP level 8. HP: 63/63 MP: 9/9
  1845 | D:4      | Reached skill level 1 in Dodging
  2116 | D:5      | Entered Level 5 of the Dungeon
  2272 | D:5      | Identified the +4 rapier "Qukh" {flame, rN+ Str+7 Int-5
                  | Dex-5}
  2482 | D:5      | Reached skill level 11 in Maces & Flails
  2490 | D:5      | Noticed a troll
  2511 | D:5      | Killed a troll
  2516 | D:5      | Found Fuefydek's Weapon Shop.
  2584 | D:5      | Found a staircase to the Ecumenical Temple.
  2734 | Temple   | Entered the Ecumenical Temple
  2742 | Temple   | Became a worshipper of Ru the Awakened
  2863 | D:6      | Gained mutation: You passively map the area around you.
                  | [Meteoran growth]
  2863 | D:6      | Reached XP level 9. HP: 72/72 MP: 10/10
  2996 | D:6      | Reached skill level 5 in Fighting
  2996 | D:6      | Reached skill level 12 in Maces & Flails
  3279 | D:7      | Identified the +8 shortbow of Decaying Honour {antimagic,
                  | rPois rF+ Int-3 SInv}
  3309 | D:7      | Reached skill level 13 in Maces & Flails
  3311 | D:7      | Found a snail-covered altar of Cheibriados.
  3475 | D:8      | Reached skill level 5 in Dodging
  3513 | D:8      | Reached XP level 10. HP: 79/83 MP: 11/11
  3533 | D:8      | Gained mutation: You are somewhat unskilled. (-1 Apt) [Ru
                  | sacrifice]
  3533 | D:8      | Reduced skill Fighting to level 5
  3533 | D:8      | Reduced skill Maces & Flails to level 12
  3533 | D:8      | Reached * piety under Ru
  3615 | D:8      | Paralysed by a hornet for 3 turns
  3621 | D:8      | Paralysed by a hornet for 2 turns
  3639 | D:7      | HP: 4/83 [centaur/arrow (7)]
  3641 | D:7      | Slain by a centaur

Illustrated notes

Levels and vault maps discovered:
D:1:      kennysheep_arrival_forest, layout_basic,
          shapermc_ecumenical_altar_pompeii, serial_bayou_pond_c,
          chequers_serial_rivers_micro_d, nicolae_houndstooth_variations
D:2:      layout_loops_ring, uniq_terence
D:3:      layout_loops_ring, trog_hazing_becter, minmay_quantized, uniq_robin
D:4:      layout_rooms, serial_undead, serial_undead_b, serial_undead_a,
          serial_undead_d, serial_undead_d, chequers_decorated_corner,
          nicolae_stop_n_shop_1, chequers_garden, grunt_ministairs_9
D:5:      layout_loops_ring, minmay_temple_entry_statues_pillars, serial_shops,
          nicolae_shop_just_a_little_nook, nicolae_kite_square_tiling_tiny
D:6:      layout_basic
D:7:      layout_loops_ring, marbit_many_paths, cheibriados_altar_1,
          centaur_isle, uniq_crazy_yiuf_cottage
D:8:      layout_basic, minmay_overflow_temple_star_hex, serial_shops, shop,
          shop, hangedman_feature_mirror, hangedman_glass_teeth,
          nicolae_straight_to_the_point
Temple:   eino_temple_lava

Skill      XL: |  1  2  3  4  5  6  7  8  9 10 |
---------------+-------------------------------+-----
Maces & Flails | 3 4 5 6 7 8 10 11 13 12 | 12.5
Dodging        | 3 5 4 |  4.7
Fighting       | 4 6 5 |  5.8
Armour         | |  3.0
Shields        | |  3.0

Action                     |  1- 3 |  4- 6 |  7- 9 | 10-12 || total
---------------------------+-------+-------+-------+-------++-------
  Melee: Flail             |    62 |   167 |   284 |    17 ||   530
 Invoke: Sacrifice Skill   |       |       |       |     1 ||     1
    Use: Potion            |     1 |       |       |       ||     1
         Scroll            |       |       |       |     2 ||     2
 Armour: Scale mail        |    43 |   156 |   242 |    62 ||   503
  Dodge: Dodged            |    29 |    94 |   180 |    45 ||   348
  Block: Buckler           |    15 |    49 |    66 |    21 ||   151

Table legend: (Time is in decaauts)
 A = Elapsed time spent in this place.
 B = Non-inter-level travel time spent in this place.
 C = Inter-level travel time spent in this place.
 D = Time resting spent in this place.
 E = Time spent auto-exploring this place.
 F = Levels seen in this place.
 G = Mean time per level.
                   A        B        C        D        E       F      G
               +--------+--------+--------+--------+--------+-----+--------+
         Total |   3637 |   3433 |    204 |      0 |   2463 |   9 |  404.1 |
       Dungeon |   3620 |   3417 |    203 |      0 |   2463 |   8 |  452.5 |
        Temple |     16 |     16 |      0 |      0 |      0 |   1 |   16.0 |
               +--------+--------+--------+--------+--------+-----+--------+

Top non-repeatable levels by time:
     D:3: 688 daAuts
     D:5: 650 daAuts
     D:4: 614 daAuts
     D:6: 452 daAuts
     D:1: 440 daAuts
     D:2: 402 daAuts
     D:8: 193 daAuts
     D:7: 177 daAuts
  Temple: 16 daAuts
